 Dungeon Crawl Stone Soup version 0.27.1 (webtiles) character file.

Game seed: 7396988834291348400

74 hilljack the Skirmisher (level 4, 0/29 HPs)
             Began as a Gargoyle Berserker on Aug 23, 2021.
             Was a Follower of Trog.
             Slain by a black bear (8 damage)
             ... on level 2 of the Dungeon.
             The game lasted 00:02:54 (1756 turns).

hilljack the Skirmisher (Gargoyle Berserker)        Turns: 1756, Time: 00:02:54

Health: 0/29       AC: 10    Str: 21    XL:     4   Next: 28%
Magic:  4/4        EV: 10    Int:  7    God:    Trog [*.....]
Gold:   39         SH:  0    Dex: 10    Spells: 3/3 levels left

rFire    . . .     SeeInvis .   c - +5 dagger
rCold    . . .     Faith    .   (no shield)
rNeg     + . .     Spirit   .   h - +0 scale mail
rPois    ∞         Reflect  .   (no helmet)
rElec    +         Harm     .   (no cloak)
rCorr    .         Rampage  .   (no gloves)
Will     .....                  (no boots)
Stlth    ..........             (no amulet)
HPRegen  0.09/turn              (no ring)
MPRegen  0.09/turn              (no ring)

@: no status effects
A: sickness immunity, AC +3, negative energy resistance 1, electricity
resistance, torment resistance 1, petrification resistance
a: Renounce Religion, Berserk


You were on level 2 of the Dungeon.
You worshipped Trog.
Trog was aware of your devotion.
You visited 1 branch of the dungeon, and saw 2 of its levels.

You collected 39 gold pieces.

Inventory:

Hand Weapons
 a - a +0 falchion
 c - a +5 dagger (weapon)
Armour
 h - a +0 scale mail (worn)
Scrolls
 d - 2 scrolls of teleportation
Potions
 e - a potion of ambrosia
 f - a potion of magic {unknown}
 g - a potion of curing


   Skills:
 + Level 3.8 Fighting
 + Level 3.2 Long Blades
 + Level 2.8 Armour
 + Level 2.1 Dodging
 + Level 1.5 Stealth


You had 3 spell levels left.
You didn't know any spells.
Your spell library was empty.

Dungeon Overview and Level Annotations

Branches:
Dungeon (2/15)

Altars:

Shops:
D:2 =


Innate Abilities, Weirdness & Mutations

You are immune to sickness and miasma.
Your stone body is resilient. (AC +3)
You are immune to poison.
You resist negative energy. (rN+)
You are resistant to electric shocks. (rElec)
You are resistant to unholy torment.
You are immune to petrification.


Message History

You hit the giant cockroach.
You kill the giant cockroach!
Trog accepts your kill.
A black bear comes into view.
A hobgoblin comes into view.
The hobgoblin shouts!
The black bear bites you but does no damage.
The black bear claws you but does no damage. x2
You puncture the black bear!
The black bear is heavily wounded.
The black bear bites you. The black bear claws you.
The black bear closely misses you.
You closely miss the black bear.
The black bear is heavily wounded.
The black bear closely misses you. The black bear barely misses you.
The black bear claws you.
You hit the black bear.
The black bear is heavily wounded.
The black bear bites you. The black bear claws you.
The black bear barely misses you.
Your scale mail prevents you from hitting the black bear.
The black bear is heavily wounded.
The hobgoblin barely misses you. The black bear bites you.
The black bear closely misses you. The black bear misses you.
You hit the black bear.
The black bear is severely wounded.
The black bear goes berserk!
The hobgoblin barely misses you.
You completely miss the black bear.
The black bear is severely wounded.
The black bear bites you! The black bear barely misses you.
The black bear claws you but does no damage.
The hobgoblin hits you.
* * * LOW HITPOINT WARNING * * *
You are too injured to fight recklessly!
You are too injured to fight recklessly!
There are monsters nearby!
You hit the black bear.
The black bear is almost dead.
The black bear bites you!
You die...

...#....... .....
...#....... ......
..........
......#########...#.......
..................#.......
................ #:......
................ #.......
#.....h.......#####...
#####....@g...............
#.........................
#.......................##
#.....###...##............
#.....# #...# .........†..
#.....###...##.......#....
#.....#..............#....
#.....#..............#...#
#................... #...#


You could see a black bear (berserk) and a hobgoblin.

Vanquished Creatures
  3 gnolls (D:2)
  An adder (D:2)
  A worm (D:2)
  A dart slug (D:2)
  2 bats (D:1)
  2 endoplasms
  A giant cockroach (D:2)
  A goblin (D:1)
  5 hobgoblins
  A quokka (D:1)
  2 ball pythons
  2 frilled lizards
  6 kobolds
  5 rats
33 creatures vanquished.

Notes
Turn   | Place    | Note
-------+----------+-------------------------------------------
     0 | D:1      | hilljack the Gargoyle Berserker began the quest for the
                  | Orb.
     0 | D:1      | Reached XP level 1. HP: 14/14 MP: 1/1
   518 | D:1      | Reached XP level 2. HP: 19/19 MP: 2/2
  1294 | D:2      | Reached skill level 1 in Stealth
  1294 | D:2      | Reached XP level 3. HP: 23/23 MP: 3/3
  1443 | D:2      | Reached XP level 4. HP: 29/29 MP: 4/4
  1521 | D:2      | Found Bukihuis's Jewellery Emporium.
  1746 | D:2      | Noticed a black bear
  1756 | D:2      | Slain by a black bear

Illustrated notes

Levels and vault maps discovered:
D:1:      dpeg_arrival_rhombus, layout_loops_ring, minmay_tree_intersection
D:2:      minmay_roachtagon, layout_basic, serial_shops,
          nicolae_shop_behind_doors, nicolae_shop_trees, roderic_serpentine_path

Skill      XL: |  1  2  3 |
---------------+----------+-----
Long Blades    | 3 |  3.2
Stealth        | 1 |  1.5
Dodging        | 2 |  2.1
Fighting       | |  3.8
Armour         | |  2.8

Action                   |  1- 3 |  4- 6 || total
-------------------------+-------+-------++-------
Melee: Falchion          |    12 |       ||    12
       Dagger            |    66 |    24 ||    90
  Use: Potion            |     1 |       ||     1
       Scroll            |     5 |     1 ||     6
Armor: Animal skin       |     4 |       ||     4
       Scale mail        |    20 |    13 ||    33
Dodge: Dodged            |    50 |    17 ||    67
       Rpst.: Falchion   |     5 |       ||     5
